cohdb
Replays
Latest Replays
All Replays
Popular Replays
Top Player Replays
Match Explorer
How It Works
Community
CoH3 Stats
Reddit
Sign in to upload your games and track your stats! →
Sign in with Steam
Match 46284893
Unlisted
Match 46284893
Overview
Messages
Build Orders
End
Construct Infanterie Kompanie
Selects Terror Battlegroup
Selects Machine Gun Camouflage
MG 42 Machine Gun Team
MG 42 Machine Gun Team
Grenadier Squad
Grenadier Squad
Grenadier Squad
Selects Contempt for the Weak
Construct Panzergrenadier Kompanie
Medical Bunker
Panzergrenadier Squad
Construct Panzer Kompanie
Panzer IV Medium Tank
Medical Station
Panzer IV Medium Tank
Pioneer Squad
Side Skirts
Panzergrenadier Squad
Selects Propaganda Leaflet Drop
Selects V1 Rocket Strike
Panzer IV Medium Tank
Panzergrenadier Squad
CreamSlave
Trash Panda Flex
[HOOR]toes.R.us
kuz_av02
Karabok
S.W.A.G
0
0
Comments
sign in to comment!
No comments posted yet!